 Dungeon Sprint DCSS version 0.31-a0-656-gb4d89c20fa (webtiles) character file.

Game seed: 7319824664074138451

854 rocky1 the Grappler (level 8, -3/58 HPs)
             Began as a Djinni Shapeshifter on Aug 31, 2023.
             Was an Initiate of Gozag.
             Slain by a two-headed ogre
             ... wielding a +0 giant club
              (17 damage)
             ... in the Dungeon (Sprint IX: "|||||||||||||||||||||||||||||").
             The game lasted 00:02:16 (686 turns).

rocky1 the Grappler (Djinni Shapeshifter)            Turns: 686, Time: 00:02:17

Health: -3/58      AC:  7    Str: 13    XL:     8   Next: 21%
Gold:   378        EV: 12    Int: 18    God:    Gozag SH:  0 Dex: 12

rFire   + +          .
                       - Unarmed
rCold   x . .        (no shield)
rNeg    . . .        m - +1 scale mail
rPois   ∞            (helmet currently unavailable)
rElec   .            (cloak currently unavailable)
rCorr   .            (gloves currently unavailable)
SInv    .            (boots unavailable)
Will    .....        (no amulet) Stlth
                     n - +3 ring of intelligence
HPRegen 0.29/turn    o - +2 ring of evasion
MPRegen 0.00/turn

%: no teleportation, infuse magic (-4 HP)
@: beast-form, gold aura, flying
A: beast (slay +4), flying, sickness immunity, fire resistance 2, cold
vulnerability 1, float, innate caster, HP casting, extra vitality 1
a: Begin Untransformation, Renounce Religion, Potion Petition, Call Merchant,
Bribe Branch


You were in the Dungeon.
You worshipped Gozag.
Gozag was aware of your devotion.
You were a hulking beast.
You visited 1 branch You collected 378 gold pieces.

Inventory:

Armour
 a - a +0 animal skin
 k - a +0 cloak
 l - a +0 helmet
 m - a +1 scale mail (worn)
Jewellery
 n - a +3 ring of intelligence (left hand)
 o - a +2 ring of evasion (right hand)
Talismans
 c - a beast talisman (active)
 d - a flux talisman
Wands
 j - a wand of acid (6)
Scrolls
 i - a scroll of blinking
Potions
 b - a potion of lignification
 e - 4 potions of curing
 f - 2 potions of heal wounds
 g - a potion of haste
 h - a potion of invisibility


   Skills:
 * Level 4.3 Fighting
 + Level 1.4 Armour
 + Level 5.1 Dodging
 + Level 0.6 Stealth
 * Level 11.7 Unarmed Combat
 + Level 0.1 Evocations
 * Level 9.6 Shapeshifting


You knew the following spells:

 Your Spells              Type           Power      Damage    Failure   Level
a - Sting                 Tmut/Pois      0%         1d3       71%         1
b - Blink                 Tloc           0%         N/A       83%         2
c - Ignite Poison         Fire/Tmut/Pois 0%         N/A       97%         3
Your spell library was empty.

Dungeon Overview and Level Annotations

Branches:
Dungeon (1/1)

Altars:
Cheibriados
Dithmenos
Elyvilon
Fedhas
Gozag
Hepliaklqana
Makhleb
Nemelex Xobeh
Okawaru
Qazlal
Ru
Trog
Uskayaw
Wu Jian
Xom
Yredelemnul
Zin
The Shining One
Jiyva
Lugonu


Innate Abilities, Weirdness & Mutations

You are a hulking beast.
Your limbs bulge with bestial killing power. (Slay +4)
You are flying.
You are immune to sickness and miasma.
You are immune to poison.
Your flesh is very heat resistant. (rF++)
You are vulnerable to cold. (rC-)
You float through the air rather than walking.
You learn spells naturally, not from books.
Your magical power is your life essence.
You have superior vitality. (+4 MHP)


Message History

The orc wizard gestures wildly while chanting.
The orc wizard flickers and vanishes!
Deactivating autopickup; reactivate with Ctrl-A.
Unknown command.
You are too confused!
You feel better.
The golden eye blinks!
The two-headed ogre misses you.
The two-headed ogre hits you with a +0 giant club!
Aiming: Corrosive Bolt
Press: ? - help, Shift-Dir - straight line, f - two-headed ogre
Aim: a two-headed ogre, wielding two +0 giant clubs (86% to hit)
The bolt of acid hits the two-headed ogre!
The acid corrodes the two-headed ogre!
The two-headed ogre is moderately wounded.
The bolt of acid hits something!
The acid corrodes something!
Reactivating autopickup.
You feel a bit more experienced.
The bolt of acid misses the tengu conjurer.
The bolt of acid hits the golden eye!
The acid corrodes the golden eye!
You kill the golden eye!
The golden eye's shape twists and changes as it dies.
Your Fighting skill increases to level 4!
You have reached level 8!
You feel clever.
Aiming: Corrosive Bolt
Press: ? - help, Shift-Dir - straight line, f/p - two-headed ogre
Aim: a two-headed ogre, wielding two +0 giant clubs (moderately wounded, covered in acid, 86% to hit)
The bolt of acid hits the two-headed ogre!
The two-headed ogre seems to be corroded for longer.
The two-headed ogre is heavily wounded.
The bolt of acid hits the tengu conjurer!
The acid corrodes the tengu conjurer!
The tengu conjurer is moderately wounded.
The bolt of acid hits the seven-headed hydra!
The seven-headed hydra is moderately wounded.
The two-headed ogre hits you with a +0 giant club!!
Ouch! That really hurt!
* * * LOW HITPOINT WARNING * * *
The two-headed ogre hits you with a +0 giant club!
You die...
Your body crumbles into a pile of gold. ▓▓▓▓▓▓▓▓▓▓▓▓▓▓▓▓▓▓▓▓▓▓▓▓ .uD..QOh.....'......)?)' ▓▓▓▓▓▓▓▓▓▓▓▓▓▓▓▓▓▓▓▓▓▓▓▓

You could see a seven-headed hydra, a cyan ugly thing, a two-headed ogre (corroded) and a tengu conjurer (corroded).

Vanquished Creatures
  A shadow (D)
  A wyvern (D)
  A golden eye (shapeshifter) (D)
  An acid dragon (D)
  2 scorpions (D)
  2 killer bees (D)
  A hound (D)
  An iguana (D)
  2 orc wizards (D)
  An adder (D)
  An endoplasm (D)
  2 hobgoblins (D)
  A ball python (D)
  A kobold (D)
18 creatures vanquished.

Notes
Turn   | Place    | Note
-------+----------+-------------------------------------------
     0 | D        | rocky1 the Djinni Shapeshifter began the quest for the Orb.
     0 | D        | Reached XP level 1. HP: 17/17 MP: 0/0
    32 | D        | Noticed a hound
    32 | D        | Noticed a scorpion
    32 | D        | Noticed an iguana
    32 | D        | Noticed a scorpion
    35 | D        | Killed a scorpion
    36 | D        | Reached skill level 5 in Unarmed Combat
    36 | D        | Reached skill level 5 in Shapeshifting
    36 | D        | Reached XP level 2. HP: 22/22 MP: 0/0
    36 | D        | Reached XP level 3. HP: 27/27 MP: 0/0
    36 | D        | Learned a level 1 spell: Sting
    36 | D        | Reached XP level 4. HP: 32/32 MP: 0/0
    38 | D        | Reached skill level 6 in Unarmed Combat
    42 | D        | Reached XP level 5. HP: 30/37 MP: 0/0
    42 | D        | Learned a level 2 spell: Blink
    45 | D        | Reached skill level 7 in Unarmed Combat
   413 | D        | Found a snail-covered altar of Cheibriados.
   413 | D        | Found a shadowy altar of Dithmenos.
   413 | D        | Found a white marble altar of Elyvilon.
   413 | D        | Found a blossoming altar of Fedhas.
   413 | D        | Found an opulent altar of Gozag.
   414 | D        | Found a hazy altar of Hepliaklqana.
   415 | D        | Found a viscous altar of Jiyva.
   417 | D        | Found a corrupted altar of Lugonu.
   418 | D        | Found a burning altar of Makhleb.
   419 | D        | Found a sparkling altar of Nemelex Xobeh.
   420 | D        | Found an iron altar of Okawaru.
   421 | D        | Became a worshipper of Gozag Ym Sagoz the Greedy
   422 | D        | Found a stormy altar of Qazlal.
   423 | D        | Found a sacrificial altar of Ru.
   425 | D        | Found a bloodstained altar of Trog.
   426 | D        | Found a hide-covered altar of Uskayaw.
   428 | D        | Found an ornate altar of the Wu Jian Council.
   429 | D        | Found a shimmering altar of Xom.
   430 | D        | Found a basalt altar of Yredelemnul.
   431 | D        | Found a glowing silver altar of Zin.
   432 | D        | Found a glowing golden altar of the Shining One.
   475 | D        | Noticed a shadow
   475 | D        | Noticed a wyvern
   475 | D        | Noticed an acid dragon
   483 | D        | Killed an acid dragon
   484 | D        | Reached skill level 8 in Unarmed Combat
   484 | D        | Reached XP level 6. HP: 33/43 MP: 0/0
   622 | D        | Reached skill level 9 in Unarmed Combat
   630 | D        | Killed a wyvern
   631 | D        | Reached skill level 10 in Unarmed Combat
   631 | D        | Reached XP level 7. HP: 49/50 MP: 0/0
   631 | D        | Learned a level 3 spell: Ignite Poison
   633 | D        | Killed a shadow
   634 | D        | Reached skill level 1 in Armour
   634 | D        | Reached skill level 5 in Dodging
   634 | D        | Reached skill level 11 in Unarmed Combat
   683 | D        | Noticed a cyan ugly thing
   683 | D        | Noticed a seven-headed hydra
   683 | D        | Noticed a golden eye
   683 | D        | Noticed a tengu conjurer
   683 | D        | Noticed a two-headed ogre
   685 | D        | Killed a golden eye
   686 | D        | Reached XP level 8. HP: 46/58 MP: 0/0
   686 | D        | Slain by a two-headed ogre

Illustrated notes

Levels and vault maps discovered:
D:        linesprint [early_d, line_temple, items_1, d_10, items_2, lair_1,
          lair_end, items_3, orc_1, orc_end, items_4, d_15, swamp_1, shoals_1,
          snake_1, spider_1, d_20, vaults_1, items_5, swamp_end, shoals_end,
          snake_end, spider_end, vaults_end, d_27, items_6, zot_1, zot_end,
          crypt_end, forest_end, elf_end, slime_end, tomb_end, abyss_end,
          pan_hell_end]

Skill      XL: |  1  2  3  4  5  6  7 |
---------------+----------------------+-----
Shapeshifting  | 5 7 8 9 |  9.6
Dodging        | 3 4 5 |  5.1
Unarmed Combat | 5 6 8 10 11 | 11.7
Fighting       | 2 3 4 |  4.3
Armour         | 1 |  1.4
Stealth        | |  0.6
Evocations     | |  0.1

Action                     |  1- 3 |  4- 6 |  7- 9 || total
---------------------------+-------+-------+-------++-------
  Melee: Unarmed           |    14 |    22 |     7 ||    43
         Punch             |       |       |     1 ||     1
  Evoke: Wand              |       |     2 |     2 ||     4
    Use: Potion            |     1 |     1 |     1 ||     3
         Scroll            |       |     1 |       ||     1
 Armour: Animal skin       |     1 |       |       ||     1
         Scale mail        |       |     8 |     1 ||     9
  Dodge: Dodged            |     7 |    11 |     5 ||    23

Table legend: (Time is in decaauts)
 A = Elapsed time spent in this place.
 B = Non-inter-level travel time spent in this place.
 C = Inter-level travel time spent in this place.
 D = Time resting spent in this place.
 E = Time spent auto-exploring this place.
 F = Levels seen in this place.
 G = Mean time per level.
                   A        B        C        D        E       F      G
               +--------+--------+--------+--------+--------+-----+--------+
         Total |    687 |    687 |      0 |    521 |      0 |   1 |  687.0 |
       Dungeon |    687 |    687 |      0 |    521 |      0 |   1 |  687.0 |
               +--------+--------+--------+--------+--------+-----+--------+

Top non-repeatable levels by time:
       D: 687 daAuts
